AoeStats
← GN | Vortex 渦

Lombardia

507823980Analyzed
4v4 RM · 13d ago on Sep 19, 2026· 52m 4s· 8 players
Game mode
Random Map
Map size
Large (8 player)
Population
200
Speed
Normal
Resources
Standard
Victory
Conquest
Starting age
Dark Age
Ending age
Imperial Age
RankedLock teamsTeams togetherTeam positionsShared explorationLock speedFull tech treeHidden civsTurbo modeCheats
Victory
Defeat
🇭🇺 Magyars · Hungary
1388
+15
🇨🇳 Berbers · China
1357
+16
🇨🇳 Turks · China
1347
+17
🇲🇽 Spanish · Mexico
1326
+18
🇨🇴 Hindustanis · Colombia
1393
-18
🇹🇼 Vietnamese · Taiwan
1372
-17
🇨🇱 Cumans · Chile
1359
-16
🇩🇪 Teutons · Germany
1324
-15
其色孤白
6:50 Loom
9:13 Feudal Age
9:57 Double-Bit Axe
9:57 Horse Collar
12:45 Town Watch
16:29 Gold Mining
17:15 Wheelbarrow
20:24 Castle Age
19:15 Forging
20:14 Scale Barding Armor
21:21 Bow Saw
21:12 Heavy Plow
22:43 Iron Casting
21:37 Light Cavalry
24:14 Iron Casting
24:44 Bloodlines
24:35 Husbandry
24:57 Hand Cart
29:58 Gold Shaft Mining
30:09 Stone Mining
33:15 Imperial Age
31:01 Fletching
31:12 Padded Archer Armor
33:39 Ballistics
33:20 Bodkin Arrow
33:40 Leather Archer Armor
34:39 Thumb Ring
35:37 Chemistry
34:40 Bracer
35:40 Ring Archer Armor
35:36 Conscription
36:00 Kasbah
36:15 Maghrebi Camels
35:55 Elite Camel Archer
40:01 Caravan
43:05 Town Patrol
50:46 Siege Engineers
50:29 Arrowslits
cquonck
11:54 Feudal Age
16:49 Castle Age
15:26 Double-Bit Axe
15:22 Horse Collar
18:13 Wheelbarrow
17:50 Bow Saw
17:40 Heavy Plow
25:42 Loom
27:06 Hand Cart
30:10 Imperial Age
28:05 Town Watch
29:02 Pikeman
29:45 Scale Mail Armor
29:56 Forging
30:47 Squires
30:33 Gambesons
30:12 Halberdier
31:10 Chain Mail Armor
32:17 Iron Casting
32:25 Conscription
34:43 Blast Furnace
34:14 Plate Mail Armor
33:50 Scale Barding Armor
34:01 Town Patrol
34:26 Masonry
34:28 Fortified Wall
34:42 Ballistics
34:07 Light Cavalry
34:47 Husbandry
34:58 Bloodlines
35:39 Capped Ram
36:13 Fletching
36:23 Padded Archer Armor
37:58 Chemistry
37:30 Architecture
36:42 Siege Ram
36:50 Elite Skirmisher
42:00 Two-Man Saw
44:57 Bodkin Arrow
45:18 Leather Archer Armor
45:24 Chain Barding Armor
45:31 Caravan
46:32 Thumb Ring
45:56 Elite Genitour
47:41 Hussar
48:50 Bracer
49:21 Ring Archer Armor
49:12 Cavalier
Uporcpine
6:47 Loom
9:07 Feudal Age
10:14 Double-Bit Axe
14:56 Horse Collar
16:52 Wheelbarrow
20:16 Castle Age
18:27 Scale Barding Armor
19:19 Bloodlines
21:51 Bow Saw
21:43 Heavy Plow
22:00 Hand Cart
21:42 Light Cavalry
22:48 Chain Barding Armor
24:39 Husbandry
31:56 Imperial Age
29:23 Fletching
30:26 Ballistics
30:36 Padded Archer Armor
31:44 Thumb Ring
31:37 Bodkin Arrow
32:14 Gold Mining
32:20 Stone Mining
32:40 Bracer
33:46 Parthian Tactics
33:45 Heavy Cavalry Archer
36:08 Chemistry
34:38 Elite Genitour
38:40 Recurve Bow
40:07 Leather Archer Armor
40:14 Caravan
46:54 Conscription
48:09 Corvinian Army
48:48 Ring Archer Armor
XXXXXXXXXIA
5:33 Loom
11:59 Feudal Age
12:07 Feudal Age
17:14 Castle Age
16:35 Double-Bit Axe
16:51 Horse Collar
18:28 Stone Mining
19:19 Wheelbarrow
23:58 Heavy Plow
24:36 Bow Saw
31:26 Imperial Age
29:01 Gold Mining
29:55 Hand Cart
30:08 Bloodlines
30:35 Padded Archer Armor
30:41 Scale Barding Armor
32:02 Husbandry
32:32 Leather Archer Armor
32:38 Chain Barding Armor
32:42 Conscription
33:47 Two-Man Saw
34:47 Ring Archer Armor
34:53 Plate Barding Armor
34:28 Forging
34:03 Elite Janissary
36:35 Gold Mining
38:51 Ballistics
38:45 Masonry
38:38 Artillery
39:46 Iron Casting
46:13 Blast Furnace
4♚Dreams
11:43 Feudal Age
12:28 Double-Bit Axe
12:26 Horse Collar
16:43 Loom
17:37 Wheelbarrow
18:03 Loom
23:06 Castle Age
24:07 Heavy Plow
24:20 Bow Saw
31:53 Imperial Age
29:51 Hand Cart
30:47 Gold Mining
32:32 Scale Mail Armor
32:42 Forging
32:21 Man-at-Arms
32:46 Gambesons
32:46 Arson
33:03 Squires
33:15 Arson
33:10 Long Swordsman
33:53 Two-Handed Swordsman
35:19 Iron Casting
35:28 Chain Mail Armor
35:27 Town Watch
35:17 Pikeman
37:26 Crop Rotation
38:06 Blast Furnace
39:19 Plate Mail Armor
42:25 Conscription
43:50 Heavy Scorpion
46:11 Heavy Scorpion
Angel_LeAr
7:26 Loom
9:23 Feudal Age
10:09 Double-Bit Axe
10:43 Horse Collar
17:28 Wheelbarrow
19:58 Castle Age
23:12 Bow Saw
24:02 Stone Mining
24:42 Bloodlines
24:49 Scale Barding Armor
24:55 Forging
26:25 Husbandry
26:13 Town Watch
28:04 Chain Barding Armor
34:32 Imperial Age
32:18 Hand Cart
32:14 Stone Mining
32:17 Gold Mining
33:47 Stone Shaft Mining
34:16 Grand Trunk Road
35:02 Iron Casting
36:21 Two-Man Saw
35:24 Heavy Plow
36:05 Gold Shaft Mining
37:04 Chemistry
35:55 Heavy Camel Rider
37:24 Conscription
38:06 Plate Barding Armor
37:26 Fletching
38:42 Imperial Camel Rider
41:00 Ballistics
40:53 Fortified Wall
40:16 Light Cavalry
41:16 Hussar
43:18 Padded Archer Armor
44:19 Blast Furnace
44:23 Leather Archer Armor
44:19 Masonry
44:15 Siege Engineers
45:25 Caravan
46:08 Ring Archer Armor
47:10 Elite Skirmisher
47:56 Thumb Ring
47:47 Bodkin Arrow
48:49 Imperial Skirmisher
50:09 Coinage
49:53 Bracer
b09581270
12:09 Feudal Age
15:52 Castle Age
13:43 Double-Bit Axe
14:56 Horse Collar
16:21 Wheelbarrow
15:32 Loom
16:26 Wheelbarrow
26:14 Fletching
31:52 Bow Saw
35:53 Imperial Age
33:30 Padded Archer Armor
33:51 Bodkin Arrow
34:14 Heavy Plow
34:07 Gold Mining
35:04 Hand Cart
34:39 Town Watch
35:34 Leather Archer Armor
36:14 Forging
36:05 Scale Mail Armor
36:08 Elite Rattan Archer
36:52 Bracer
38:02 Ballistics
38:42 Chemistry
38:25 Paper Money
38:50 Ring Archer Armor
38:38 Scale Barding Armor
42:36 Chain Barding Armor
42:32 Chain Mail Armor
42:52 Iron Casting
42:10 Elite Skirmisher
42:55 Imperial Skirmisher
46:04 Plate Barding Armor
45:35 Pikeman
48:16 Plate Mail Armor
47:26 Halberdier
48:54 Arson
49:09 Squires
50:02 Chatras
GN | Vortex 渦
2:23 Loom
6:52 Loom
9:00 Feudal Age
9:56 Double-Bit Axe
10:50 Horse Collar
18:33 Scale Mail Armor
18:47 Forging
23:23 Castle Age
24:14 Heavy Plow
24:05 Gold Mining
24:32 Bow Saw
24:59 Wheelbarrow
24:09 Town Watch
27:13 Iron Casting
26:44 Scale Barding Armor
29:00 Bloodlines
29:11 Chain Barding Armor
28:50 Stone Mining
29:37 Gold Shaft Mining
34:53 Imperial Age
31:56 Capped Ram
34:56 Elite Steppe Lancer
35:40 Steppe Husbandry
36:00 Conscription
35:42 Padded Archer Armor
36:48 Blast Furnace
40:36 Ballistics
41:16 Chemistry
40:28 Masonry
41:16 Hand Cart
41:32 Crop Rotation
42:04 Two-Man Saw
41:41 Plate Barding Armor
40:57 Fletching
41:23 Leather Archer Armor
40:57 Onager
42:17 Siege Onager
46:14 Siege Ram
Connection lost

Rejoining the realm…

Still unreachable

The connection could not be restored.

Session expired

The server has moved on; the page needs a fresh start.